 Dungeon Crawl Stone Soup version 0.22.1-1-ga44c0e5 (webtiles) character file.

954 Folque the Chucker (level 8, 0/75 HPs)
             Began as an Ogre Arcane Marksman on Sept 25, 2018.
             Succumbed to an orc wizard's poison
             ... on level 5 of the Dungeon.
             The game lasted 00:15:19 (4223 turns).

Folque the Chucker (Ogre Arcane Marksman)           Turns: 4223, Time: 00:15:19

Health: 0/75       AC:  3    Str: 15    XL:     8   Next: 14%
Magic:  1/14       EV: 11    Int: 14    God:
Gold:   188        SH:  0    Dex: 11    Spells: 6/15 levels left

rFire    . . .     SeeInvis .   B - +0 long sword
rCold    . . .     Gourm    .   (no shield)
rNeg     . . .     Faith    .   a - +0 robe
rPois    .         Spirit   .   (helmet restricted)
rElec    .         Reflect  .   (no cloak)
rCorr    .         Harm     .   (gloves unavailable)
MR       .....                  (boots unavailable)
Stlth    +.........             (no amulet)
HPRegen  0.22/turn              (no ring)
MPRegen  0.14/turn              (no ring)

@: lethally poisoned (0 -> -27), flying
A: large, unfitting armour, tough skin 1
a: no special abilities


You were on level 5 of the Dungeon.
You were not hungry.

You visited 1 branch of the dungeon, and saw 5 of its levels.

You collected 188 gold pieces.

Inventory:

Hand Weapons
 g - a +0 short sword
 l - a +3 short sword
 v - a +0 spear
 B - a +0 long sword (weapon)
Missiles
 c - 2 large rocks (quivered)
 d - 2 throwing nets
 t - 39 poisoned needles
 u - 6 poisoned javelins
 w - 2 javelins
Armour
 a - a +0 robe (worn)
Wands
 C - a wand of random effects (28)
Scrolls
 b - a scroll of magic mapping {unknown}
 e - 2 scrolls of blinking {unknown}
 h - 4 scrolls of amnesia {unknown}
 i - 6 scrolls of identify {unknown}
 k - 7 scrolls of remove curse {unknown}
 m - 2 scrolls of enchant weapon {unknown}
 r - a scroll of immolation {unknown}
 y - 3 scrolls of teleportation {unknown}
 A - a scroll of fog {unknown}
 E - a scroll of enchant armour {unknown}
Potions
 n - a potion of might {unknown}
 o - a potion of berserk rage {unknown}
 q - a potion of cancellation
 s - 2 potions of curing {unknown}
 x - 3 potions of brilliance {unknown}
 z - a potion of invisibility {unknown}
Comestibles
 f - 10 rations
 D - a chunk of flesh


   Skills:
 - Level 3.0 Fighting
 - Level 2.0 Long Blades
 + Level 6.1 Throwing
 + Level 3.3 Dodging
 - Level 4.0 Spellcasting
 + Level 4.1 Hexes
 - Level 1.0 Translocations


You had 6 spell levels left.
You knew the following spells:

 Your Spells              Type           Power        Failure   Level  Hunger
a - Corona                Hex            ##.....      3%          1    None
b - Portal Projectile     Hex/Tloc       ##....       21%         3    ###....
c - Inner Flame           Hex/Fire       #.......     24%         3    ###....
d - Slow                  Hex            ##......     5%          2    ##.....

Your spell library contained the following spells:

 Spells                   Type           Power        Failure   Level  Hunger
 Cause Fear               Hex            ##........   34%         4    ####...
 Leda's Liquefaction      Hex/Erth       #.........   63%         4    ####...


Dungeon Overview and Level Annotations

Branches:
Dungeon (5/15)
 Temple: D:4-7

Altars:


Innate Abilities, Weirdness & Mutations

You are too large for most types of armour.
You have tough skin. (AC +1)


Message History

* * * LOW HITPOINT WARNING * * *
You feel sick.
The orc wizard hits you with a dagger of venom.
* * * LOW HITPOINT WARNING * * *
The orc priest barely misses the freed slave.
The orc priest hits the freed slave with a hand axe.
The orc priest misses you.
The orc priest hits the freed slave with a war axe.
The orc priest misses the freed slave.
The freed slave hits the orc priest.
The orc priest dies!
The orc wizard hits you with a dagger of venom.
* * * LOW HITPOINT WARNING * * *
You are more poisoned.
The freed slave hits the orc priest.
The worker ant zombie bites you.
* * * LOW HITPOINT WARNING * * *
The freed slave completely misses the worker ant zombie.
It was a potion of flight.
You feel very buoyant.
You fly up into the air.
You die...

##### ##.........
..... ...(......
####### #......#
....... #..(...+
##############..(...#
..................).#
........#####.......#
.........# #..pZpo.#
.........# #.p.@p..#
.......#.# ####o####
.........#######.#
.................#
#####........##### #
###......# # #......#
# #......# #......#


You could see an orc priest, an orc wizard, a worker ant zombie and 4 neutral
freed slaves.

Vanquished Creatures
  Pikel (D:5)
  An ice beast (D:5)
  A sky beast (D:4)
  An orc priest (D:4)
  A hound (D:5)
  An orc wizard (D:4)
  A bullfrog skeleton (D:5)
  Ijyb (D:4)
  An iguana (D:4)
  A hound zombie (D:5)
  A hound skeleton (D:2)
  4 adders
  4 oozes
  An adder skeleton (D:5)
  4 worms
  A dart slug (D:3)
  A leopard gecko (D:2)
  8 orcs
  5 bats
  6 giant cockroaches
  6 goblins
  4 hobgoblins
  3 jackals (D:2)
  A quokka (D:2)
  A ball python (D:3)
  4 frilled lizards
  5 kobolds
  A leopard gecko skeleton (D:5)
  10 rats
  A toadstool (D:1)
81 creatures vanquished.

Vanquished Creatures (others)
  An orc priest (D:5)
  3 toadstools (D:1)
4 creatures vanquished.

Grand Total: 85 creatures vanquished

Notes
Turn   | Place    | Note
-------+----------+-------------------------------------------
     0 | D:1      | Folque the Ogre Arcane Marksman began the quest for the
                  | Orb.
     0 | D:1      | Reached XP level 1. HP: 19/19 MP: 2/2
   353 | D:1      | Reached XP level 2. HP: 28/28 MP: 1/3
   818 | D:1      | Reached XP level 3. HP: 20/35 MP: 2/5
   825 | D:1      | Learned a level 3 spell: Portal Projectile
  1130 | D:2      | Reached skill level 3 in Throwing
  1183 | D:2      | HP: 1/36 [worm (6)]
  1491 | D:2      | Reached XP level 4. HP: 36/44 MP: 4/7
  1496 | D:2      | Learned a level 3 spell: Inner Flame
  2632 | D:3      | Reached skill level 1 in Translocations
  2632 | D:3      | Reached XP level 5. HP: 29/53 MP: 6/8
  2658 | D:3      | Found a faded altar of an unknown god.
  2978 | D:4      | Reached skill level 4 in Throwing
  3132 | D:4      | Noticed Ijyb
  3146 | D:4      | Killed Ijyb
  3153 | D:4      | Reached XP level 6. HP: 49/61 MP: 8/11
  3473 | D:4      | Noticed a sky beast
  3475 | D:4      | Killed a sky beast
  3475 | D:4      | Reached skill level 1 in Long Blades
  3640 | D:5      | Entered Level 5 of the Dungeon
  3702 | D:5      | Noticed an ice beast
  3712 | D:5      | Killed an ice beast
  3712 | D:5      | Reached skill level 5 in Throwing
  3712 | D:5      | Reached XP level 7. HP: 14/67 MP: 3/13
  3716 | D:5      | Learned a level 2 spell: Slow
  4207 | D:5      | Noticed Pikel
  4221 | D:5      | Killed Pikel
  4221 | D:5      | Reached skill level 6 in Throwing
  4221 | D:5      | Reached XP level 8. HP: 15/75 MP: 1/14
  4222 | D:5      | HP: 3/75 [worker ant zombie (4)]
  4223 | D:5      | Succumbed to an orc wizard's poison

Skill      XL: |  1  2  3  4  5  6  7 |
---------------+----------------------+-----
Hexes          | 3 4 |  4.1
Fighting       | 2 3 |  3.0
Throwing       | 3 4 5 6 |  6.1
Spellcasting   | 2 3 4 |  4.0
Translocations | 1 |  1.0
Long Blades    | 1 2 |  2.0
Dodging        | 3 |  3.3

Action                   |  1- 3 |  4- 6 |  7- 9 || total
-------------------------+-------+-------+-------++-------
Melee: Unarmed           |    22 |       |       ||    22
       Short sword       |   126 |    79 |       ||   205
       Long sword        |       |    48 |    21 ||    69
Throw: Large rock        |     2 |     9 |     7 ||    18
       Javelin           |       |     2 |     3 ||     5
 Cast: Corona            |    31 |    23 |     3 ||    57
       Inner Flame       |       |     1 |     1 ||     2
       Portal Projectile |       |     1 |     5 ||     6
  Use: Potion            |       |       |     4 ||     4
  Eat: Chunk             |     3 |     8 |     2 ||    13
Armor: Robe              |    47 |    25 |    10 ||    82
Dodge: Dodged            |    90 |    78 |    39 ||   207
       Rpst.: Long sword |       |    17 |    11 ||    28
